 Dungeon Crawl Stone Soup version 0.28-a0-1312-g71652a0310 (webtiles) character file.

Game seed: 12733850168072584762

984 tilp the Basher (level 7, -6/59 HPs)
             Began as a Red Draconian Cinder Acolyte on Dec 27, 2021.
             Was a High Priest of Ignis.
             Mangled by an ogre (28 damage)
             ... on level 4 of the Dungeon.
             The game lasted 00:08:03 (6818 turns).

tilp the Basher (Red Draconian Cinder Acolyte)      Turns: 6818, Time: 00:08:03

Health: -6/59      AC:  8    Str: 16    XL:     7   Next: 97%
Magic:  2/10       EV: 11    Int: 17    God:    Ignis [*****.]
Gold:   1216       SH:  0    Dex:  6    Spells: 4/10 levels left

rFire   + + .      SeeInvis .   b - +4 morningstar (flame)
rCold   . . .      Faith    .   (no shield)
rNeg    . . .      Spirit   .   (armour unavailable)
rPois   .          Reflect  .   (helmet restricted)
rElec   .          Harm     .   (no cloak)
rCorr   .          Rampage  .   (no gloves)
Will    .....                   f - +1 pair of boots
Stlth   +.........              (no amulet)
HPRegen 0.19/turn               (no ring)
MPRegen 0.12/turn               (no ring)

@: no status effects
A: breathe fire, AC +6, unfitting armour, fire resistance 1, cold-blooded
a: Breathe Fire, Renounce Religion, Fiery Armour, Foxfire Swarm, Rising Flame


You were on level 4 of the Dungeon.
You worshipped Ignis.
Ignis was extremely pleased with you.
You visited 1 branch of the dungeon, and saw 4 of its levels.
You also visited: Sewer.

You collected 1216 gold pieces.

Inventory:

Hand Weapons
 a - a +0 mace of flaming
 b - a +4 morningstar of flaming (weapon)
Missiles
 i - 6 atropa-tipped darts (quivered)
 j - 70 stones
Armour
 f - a +1 pair of boots (worn)
Jewellery
 g - a ring of fire
 m - a ring of wizardry
Wands
 h - a wand of flame (10)
Scrolls
 c - 3 scrolls of teleportation
 d - 2 scrolls of identify
Potions
 e - a potion of attraction {unknown}
 k - 5 potions of flight
 l - 2 potions of curing


   Skills:
 - Level 4.0 Fighting
 - Level 8.0 Maces & Flails
 - Level 2.0 Dodging
 - Level 2.0 Stealth
 + Level 2.0 Spellcasting
 + Level 1.8 Conjurations
 + Level 4.5 Fire Magic


You had 4 spell levels left.
You knew the following spells:

 Your Spells              Type           Power      Damage    Failure   Level
a - Scorch                Fire           34%        2d6       4%          2
b - Foxfire               Conj/Fire      48%        2x1d6     5%          1
c - Conjure Flame         Conj/Fire      12%        6-21      16%         3

Your spell library contained the following spells:

 Spells                   Type           Power      Damage    Failure   Level
 Inner Flame              Hex/Fire       9%         N/A       22%         3
 Sublimation of Blood     Necr           1%         N/A       28%         2
 Wereblood                Tmut           1%         N/A       28%         2
 Flame Wave               Conj/Fire      12%        2d5       45%         4
 Summon Hydra             Summ           0%         N/A       100%        7


Dungeon Overview and Level Annotations

Branches:
Dungeon (4/15)              Sewer (visited)
 Temple: D:4-7

Altars:


Innate Abilities, Weirdness & Mutations

You can breathe blasts of fire.
Your fiery red scales are hard. (AC +6)
You cannot fit into any form of body armour.
Your flesh is heat resistant. (rF+)
You are cold-blooded and may be slowed by cold attacks.


Message History

Flames lash the ogre.
The ogre is moderately wounded.
The ogre's fire resistance burns away.
Casting: Scorch (safe; 4% risk of failure)
Confirm with . or Enter, or press ? or * to list all spells.
Flames lash the iguana.
The iguana is heavily wounded.
The iguana's fire resistance burns away.
The ogre hits you with a +0 giant spiked club!
Casting: Scorch (safe; 4% risk of failure)
Confirm with . or Enter, or press ? or * to list all spells.
Flames lash the iguana.
The iguana is burned terribly!
The iguana is almost dead.
The iguana hisses menacingly.
Unknown command.
The ogre is no longer more vulnerable to fire.
The iguana is no longer more vulnerable to fire.
The ogre misses you.
You hit the iguana but do no damage.
The iguana is severely wounded.
The iguana bites you!
You hit the iguana. You burn the iguana.
You kill the iguana!
Your Spellcasting skill increases to level 2!
Casting: Scorch (safe; 4% risk of failure)
Confirm with . or Enter, or press ? or * to list all spells.
Flames lash the ogre.
The ogre is heavily wounded.
The ogre's fire resistance burns away.
The ogre hits you with a +0 giant spiked club.
Unknown command.
You hit the ogre. You burn the ogre.
The ogre is severely wounded.
The ogre hits you with a +0 giant spiked club!
* * * LOW HITPOINT WARNING * * *
You barely miss the ogre.
The ogre is severely wounded.
The ogre is no longer more vulnerable to fire.
The ogre hits you with a +0 giant spiked club!!
You die...

#...###...###...............
.
#....##....................
. ##..###..##.#......##.....
. #### #####)#....... .... .
#......###.## .... .
##.....#######.... .
#......##......... .
#.#.#..##.. ...... .
#....@##..##......
#.#.#O##..........
##.....#...........
##....#†#...........
#....##.............
###........=..##....
##....#.....# ...
###.##....## # ###......#


You could see an ogre.

Vanquished Creatures
  A centaur (D:3)
  3 ogres (D:4)
  2 phantoms
  Blork the orc (D:4)
  A jelly (D:4)
  A hound (D:3)
  A gnoll shaman (D:3)
  An iguana (D:4)
  Natasha (thrice) (D:2)
  3 gnolls (D:3)
  11 adders
  5 river rats
  An adder skeleton (D:4)
  2 dart slugs
  A worm (D:2)
  5 orcs (D:3)
  10 bats
  5 endoplasms
  6 giant cockroaches
  4 goblins
  5 hobgoblins
  2 jackals (Sewer)
  3 quokkas
  17 ball pythons
  6 frilled lizards
  8 kobolds
  5 rats (D:3)
113 creatures vanquished.

Notes
Turn   | Place    | Note
-------+----------+-------------------------------------------
     0 | D:1      | tilp the Draconian Cinder Acolyte began the quest for the
                  | Orb.
     0 | D:1      | Reached XP level 1. HP: 19/19 MP: 2/2
   470 | D:1      | Reached XP level 2. HP: 25/26 MP: 3/3
   481 | D:1      | Learned a level 2 spell: Scorch
   989 | D:1      | Identified a scroll of acquirement
   989 | D:1      | Acquired 1046 gold pieces
  1132 | D:2      | Reached skill level 4 in Maces & Flails
  1232 | D:2      | Noticed Natasha
  1235 | D:2      | Killed Natasha
  1236 | D:2      | Reached XP level 3. HP: 30/31 MP: 1/4
  1445 | D:2      | Noticed Natasha
  1463 | D:2      | Killed Natasha
  1464 | D:2      | Reached skill level 5 in Maces & Flails
  1464 | D:2      | Reached XP level 4. HP: 23/38 MP: 0/5
  1469 | D:2      | Noticed Natasha
  1776 | D:2      | Killed Natasha
  2430 | D:3      | Reached XP level 5. HP: 30/45 MP: 1/6
  2431 | D:3      | Found a glowing drain.
  2522 | Sewer    | Entered a sewer
  2978 | Sewer    | Reached skill level 6 in Maces & Flails
  3414 | Sewer    | Acquired a book of Flames
  3563 | Sewer    | Reached skill level 1 in Stealth
  3622 | Sewer    | Reached skill level 1 in Dodging
  4226 | D:3      | Noticed a phantom
  4235 | D:3      | Killed a phantom
  4236 | D:3      | Reached XP level 6. HP: 31/52 MP: 0/7
  5652 | D:4      | Noticed Blork the orc
  5951 | D:4      | Your scales start taking on a fiery red colour.
  5951 | D:4      | Reached XP level 7. HP: 59/59 MP: 5/8
  5951 | D:4      | Gained mutation: Your flesh is heat resistant. (rF+) [Red
                  | Draconian growth]
  5957 | D:4      | Reached skill level 7 in Maces & Flails
  5963 | D:3      | Learned a level 1 spell: Foxfire
  5967 | D:3      | Learned a level 3 spell: Conjure Flame
  6140 | D:4      | Killed Blork the orc
  6338 | D:4      | Reached skill level 8 in Maces & Flails
  6547 | D:4      | Reached skill level 1 in Conjurations
  6818 | D:4      | Mangled by an ogre

Illustrated notes

Levels and vault maps discovered:
D:1:      zelgadis_glass_arrival_small, layout_loops_cross, solitary_fountain
D:2:      layout_loops_ring, uniq_natasha
D:3:      layout_basic, portal_sewer_entry_b, minmay_bisected
D:4:      layout_cave_pools, serial_glass, glass_columns_a, glass_columns_a,
          glass_columns_a, glass_columns_a, uniq_blork_the_orc

Skill      XL: |  1  2  3  4  5  6  7 |
---------------+----------------------+-----
Maces & Flails | 4 5 6 8 |  8.0
Fighting       | 4 |  4.0
Stealth        | 1 2 |  2.0
Dodging        | 1 2 |  2.0
Conjurations   | 1 |  1.8
Fire Magic     | 4 |  4.5
Spellcasting   | 2 |  2.0

Action                   |  1- 3 |  4- 6 |  7- 9 || total
-------------------------+-------+-------+-------++-------
Melee: Mace              |    46 |   122 |     4 ||   172
       Tailslap          |     3 |     5 |       ||     8
       Morningstar       |       |       |    13 ||    13
 Cast: Scorch            |    11 |    56 |    27 ||    94
  Use: Scroll            |     6 |     7 |       ||    13
       Potion            |       |     1 |       ||     1
 Stab: Sleeping          |       |     1 |       ||     1
Armor: Skin              |    20 |    67 |     7 ||    94
Dodge: Dodged            |    28 |   134 |     7 ||   169

Table legend: (Time is in decaauts)
 A = Elapsed time spent in this place.
 B = Non-inter-level travel time spent in this place.
 C = Inter-level travel time spent in this place.
 D = Time resting spent in this place.
 E = Time spent auto-exploring this place.
 F = Levels seen in this place.
 G = Mean time per level.
                   A        B        C        D        E       F      G
               +--------+--------+--------+--------+--------+-----+--------+
         Total |   7053 |   6832 |    221 |   1848 |   4055 |   5 | 1410.6 |
       Dungeon |   5189 |   4968 |    221 |    924 |   3334 |   4 | 1297.2 |
         Sewer |   1863 |   1863 |      0 |    924 |    720 |   1 | 1863.0 |
               +--------+--------+--------+--------+--------+-----+--------+

Top non-repeatable levels by time:
     D:3: 1933 daAuts
   Sewer: 1863 daAuts
     D:2: 1388 daAuts
     D:1: 1203 daAuts
     D:4: 663 daAuts
